 Dungeon Crawl Stone Soup version 0.23.1 (webtiles) character file.

Game seed: 13009172815159429003

110 Borgoz the Sneak (level 4, -6/35 (36) HPs)
             Began as a Ghoul Enchanter on Mar 3, 2019.
             Killed by divine providence
             ... invoked by an orc priest
              (11 damage)
             ... on level 3 of the Dungeon.
             The game lasted 00:04:27 (2549 turns).

Borgoz the Sneak (Ghoul Enchanter)                  Turns: 2549, Time: 00:04:28

HP:   -6/35 (36)    AC:  5    Str: 16    XL:     4   Next: 91%
MP:   1/5           EV: 12    Int: 15    God:
Gold: 131           SH:  0    Dex: 10    Spells: 3/6 levels left

rFire    + . .     SeeInvis .   m - +2 short sword (speed)
rCold    . . .     Gourm    .   (no shield)
rNeg     + + +     Faith    .   b - +0 robe
rPois    ∞         Spirit   .   o - +0 helmet
rElec    .         Reflect  .   (no cloak)
rCorr    .         Harm     .   (no gloves)
MR       .....                  e - +1 pair of boots
Stlth    ++........             (no amulet)
HPRegen  0.00/turn              n - ring of fire
MPRegen  0.09/turn              (no ring)

@: mighty, brilliant, flying, very slightly contaminated, rotting
A: rotting body, claws 1, carnivore, cold resistance 1, negative energy
resistance 3, inhibited regeneration, torment resistance, unbreathing
a: no special abilities


You were on level 3 of the Dungeon.
You were not hungry.

You visited 1 branch of the dungeon, and saw 3 of its levels.

You collected 131 gold pieces.

Inventory:

Hand Weapons
 m - a +2 short sword of speed (weapon)
Missiles
 q - 4 tomahawks (quivered)
Armour
 b - a +0 robe (worn)
 e - a +1 pair of boots (worn)
 o - a +0 helmet (worn)
Jewellery
 n - a ring of fire (left claw)
Scrolls
 a - 2 scrolls of remove curse {unknown}
 g - 2 scrolls of teleportation {unknown}
 h - 3 scrolls of identify {unknown}
Potions
 f - a potion of flight
 i - a potion of curing {unknown}
 j - a potion of haste {unknown}
 l - a potion of ambrosia {unknown}
Comestibles
 d - 2 rations
 p - 5 chunks of flesh


   Skills:
 + Level 2.2 Fighting
 + Level 2.1 Short Blades
 + Level 2.6 Dodging
 + Level 4.2 Stealth
 - Level 1.7 Spellcasting
 - Level 2.4 Hexes


You had 3 spell levels left.
You knew the following spells:

 Your Spells              Type           Power        Failure   Level  Hunger
a - Corona                Hex            ###....      1%          1    ##.....
b - Ensorcelled Hibernat  Hex/Ice        ##....       2%          2    ###....

Your spell library contained the following spells:

 Spells                   Type           Power        Failure   Level  Hunger
 Confuse                  Hex            ###.....     3%          3    ####...
 Tukima's Dance           Hex            ###.....     3%          3    ####...
 Dazzling Spray           Conj/Hex       ##....       4%          3    ####...


Dungeon Overview and Level Annotations

Branches:
Dungeon (3/15)

Altars:
Dithmenos

Annotations:
D:3 Natasha


Innate Abilities, Weirdness & Mutations

Your body is rotting away.
You thrive on raw meat.
You are immune to poison.
You have sharp fingernails.
You are carnivorous and can eat meat at any time.
Your flesh is cold resistant. (rC+)
You are immune to negative energy. (rN+++)
You do not regenerate when monsters are visible.
You are immune to unholy pain and torment.
You can survive without breathing.


Message History

Casting: Ensorcelled Hibernation (safe; 30% risk of failure)
Confirm with . or Enter, or press ? or * to list all spells.
You don't have enough magic to cast that spell.
Unknown command.
It was a potion of flight.
You feel very buoyant.
You fly up into the air.
The orc priest invokes the aid of Beogh against you.
Beogh smites you!
* * * LOW HITPOINT WARNING * * *
It was a potion of brilliance.
You feel clever all of a sudden. The orc priest closely misses you.
It was a potion of might.
You feel very mighty all of a sudden.
Okay, then.
You closely miss the orc priest.
The orc priest invokes the aid of Beogh against you.
Beogh smites you!
You die...

#.........#.# #..
#.......#.#.# #..
#######.....# #..
#.....# #..
#.....#####..
#.........#(#
#......[)(...
############..÷....#..
#..)o@.........(......
#(#############..##...
#.# ##...... ###.###
#.###.. #.....#
#..##.. #.o...#
#..##.. #o....#
#..##.. #.....#
#...#.. .......#
###.#.#..


You could see an orc priest.

Vanquished Creatures
  Natasha (twice) (D:3)
  An adder (D:3)
  A worm (D:2)
  3 leopard geckos
  3 orcs (D:3)
  2 giant cockroaches (D:1)
  4 goblins
  5 hobgoblins
  3 jackals (D:2)
  A quokka (D:2)
  2 ball pythons (D:3)
  2 bats
  A frilled lizard (D:3)
  7 kobolds
  4 rats
41 creatures vanquished.

Notes
Turn   | Place    | Note
-------+----------+-------------------------------------------
     0 | D:1      | Borgoz the Ghoul Enchanter began the quest for the Orb.
     0 | D:1      | Reached XP level 1. HP: 14/14 MP: 2/2
    25 | D:1      | Reached skill level 1 in Short Blades
   360 | D:1      | Reached XP level 2. HP: 22/22 MP: 1/3
   364 | D:1      | Learned a level 2 spell: Ensorcelled Hibernation
   619 | D:1      | Reached skill level 1 in Fighting
   887 | D:2      | Found a faded altar of an unknown god.
   956 | D:2      | Reached XP level 3. HP: 22/28 MP: 4/4
  1964 | D:3      | Found a shadowy altar of Dithmenos.
  1988 | D:3      | Noticed Natasha
  2005 | D:3      | Killed Natasha
  2005 | D:3      | Reached skill level 4 in Stealth
  2005 | D:3      | Reached XP level 4. HP: 26/36 MP: 2/5
  2294 | D:3      | Noticed Natasha
  2309 | D:3      | Killed Natasha
  2501 | D:3      | Noticed Natasha
  2549 | D:3      | Killed from afar by an orc priest

Skill      XL: |  1  2  3  4 |
---------------+-------------+-----
Short Blades   | 1 2 |  2.1
Dodging        | 2 |  2.6
Fighting       | 1 2 |  2.2
Stealth        | 4 |  4.2
Spellcasting   | |  1.7
Hexes          | |  2.4

Action                   |  1- 3 |  4- 6 || total
-------------------------+-------+-------++-------
Melee: Dagger            |   141 |       ||   141
       Short sword       |    18 |    41 ||    59
 Cast: Corona            |     2 |     1 ||     3
       Ensorcelled Hiber |     4 |     2 ||     6
  Use: Potion            |       |     3 ||     3
 Stab: Sleeping          |     2 |       ||     2
  Eat: Chunk             |     9 |     1 ||    10
Armor: Robe              |    41 |     1 ||    42
Dodge: Dodged            |    93 |    21 ||   114
